 Dungeon Crawl Stone Soup version 0.29.1-13-g9f3cf754e1 (webtiles) character file.

Game seed: 4445502092360455427

245 nightchill the Chopper (level 5, -4/48 HPs)
             Began as a Minotaur Fighter on Jan 24, 2023.
             Killed from afar by Ijyb (15 damage)
             ... with a bolt of dispelling energy
             ... on level 4 of the Dungeon.
             The game lasted 00:03:53 (3146 turns).

nightchill the Chopper (Minotaur Fighter)           Turns: 3146, Time: 00:03:54

Health: -4/48      AC: 10    Str: 22    XL:     5   Next: 83%
Magic:  4/4        EV:  7    Int:  5    God:
Gold:   220        SH:  4    Dex: 10    Spells: 4/4 levels left

rFire   . . .      SeeInvis .   a - +0 war axe
rCold   . . .      Faith    .   c - +0 buckler
rNeg    . . .      Spirit   .   t - +0 chain mail
rPois   .          Reflect  .   (helmet restricted)
rElec   .          Harm     .   (no cloak)
rCorr   .          Rampage  .   k - +0 pair of gloves
Will    .....                   (no boots)
Stlth   ..........              (no amulet)
HPRegen 0.16/turn               (no ring)
MPRegen 0.09/turn               (no ring)

@: mighty
A: horns 2, retaliatory headbutt
a: no special abilities


You were on level 4 of the Dungeon.
You visited 1 branch of the dungeon, and saw 4 of its levels.

You collected 220 gold pieces.

Inventory:

Hand Weapons
 a - a +0 war axe (weapon)
Armour
 b - a +0 scale mail
 c - a +0 buckler (worn)
 k - a +0 pair of gloves (worn)
 t - a +0 chain mail (worn)
Wands
 o - a wand of flame (28)
Scrolls
 h - a scroll of enchant armour {unknown}
 i - 2 scrolls of magic mapping {unknown}
 l - a scroll of vulnerability {unknown}
 m - a scroll of teleportation {unknown}
 n - 2 scrolls of enchant weapon {unknown}
 p - a scroll of amnesia {unknown}
 r - a scroll of fear {unknown}
 s - a scroll of immolation {unknown}
Potions
 e - 5 potions of curing {unknown}
 f - 4 potions of degeneration {unknown}
 g - a potion of flight {unknown}
 j - a potion of berserk rage {unknown}
 q - a potion of lignification {unknown}


   Skills:
 + Level 5.4 Fighting
 * Level 6.3 Axes
 - Level 3.6 Armour
 - Level 3.6 Shields


You had 4 spell levels left.
You didn't know any spells.
Your spell library contained the following spells:

 Spells                   Type           Power      Damage    Failure   Level
 Apportation              Tloc           0%         N/A       99%         1
 Necrotise                Necr           0%         1d4       99%         1
 Summon Small Mammal      Summ           0%         N/A       99%         1


Dungeon Overview and Level Annotations

Branches:
Dungeon (4/15)
 Temple: D:4-7

Altars:

Annotations:
D:4 Ijyb


Innate Abilities, Weirdness & Mutations

You have a pair of horns on your head.
You reflexively headbutt those who attack you in melee.


Message History

You feel sick.
You feel sick.
You start resting.
You feel sick. x2
You are no longer poisoned.
HP restored.
Ijyb the Twisted Goblin comes into view.
She is wielding a +0 dagger and carrying a wand of quicksilver (9).
Ijyb shouts!
Ijyb zaps a wand.
The bolt of dispelling energy hits you.
You see here a +0 ring mail.
You start resting.
Ijyb is nearby!
A goblin comes into view. It is wielding a +0 club.
The goblin shouts!
Ijyb zaps a wand.
The bolt of dispelling energy hits you. Ijyb hits you but does no damage.
You completely miss Ijyb. You headbutt Ijyb.
Ijyb is moderately wounded.
Ijyb grins evilly.
Ijyb zaps a wand.
The bolt of dispelling energy hits you!
Ijyb screams, "You nasty!
Big nasty!"
Ijyb zaps a wand.
The bolt of dispelling energy hits you!!
* * * LOW HITPOINT WARNING * * *
You feel very mighty all of a sudden. Ijyb completely misses you.
You slash Ijyb!
Ijyb is severely wounded.
You slash the goblin!
You kill the goblin!
Ijyb hits you with a +0 dagger.
* * * LOW HITPOINT WARNING * * *
You closely miss Ijyb. You headbutt Ijyb!
Ijyb is almost dead.
Ijyb zaps a wand.
The bolt of dispelling energy hits you!
Your magical effects are unravelling.
You die...

.#.##.........# ###
......#......#### ..
#.....#.........# .
..##...............##
..##.#..#....# .......)#
.........[.# #.......#
........#.######........
......)##.†..##..<......
##..g@.............##.
............##..##..##
##..........#..###.##
#..........##.#####
#..........#...#
.......#........#
.......####....##
....... ##.....## ##
#.......####


You could see Ijyb.

Vanquished Creatures
  A necrophage (D:3)
  A jelly (D:4)
  An orc priest (D:3)
  Robin (D:2)
  3 adders
  A worm (D:3)
  2 dart slugs (D:2)
  4 orcs (D:3)
  3 ball pythons
  7 bats
  6 endoplasms
  2 giant cockroaches (D:1)
  17 goblins
  10 hobgoblins
  8 kobolds
  2 quokkas
  2 frilled lizards
  4 rats
75 creatures vanquished.

Notes
Turn   | Place    | Note
-------+----------+-------------------------------------------
     0 | D:1      | nightchill the Minotaur Fighter began the quest for the
                  | Orb.
     0 | D:1      | Reached XP level 1. HP: 19/19 MP: 0/0
    45 | D:1      | Reached skill level 3 in Axes
    62 | D:1      | Reached XP level 2. HP: 24/27 MP: 1/1
   838 | D:2      | Reached XP level 3. HP: 33/33 MP: 2/2
  1061 | D:2      | Reached skill level 4 in Axes
  1192 | D:2      | Noticed Robin
  1200 | D:2      | Killed Robin
  1201 | D:2      | Reached XP level 4. HP: 17/41 MP: 3/3
  1918 | D:3      | Reached skill level 5 in Axes
  2422 | D:3      | Reached XP level 5. HP: 41/47 MP: 4/4
  2445 | D:3      | Reached skill level 5 in Fighting
  2993 | D:4      | Reached skill level 6 in Axes
  3136 | D:4      | Noticed Ijyb
  3146 | D:4      | Killed from afar by Ijyb

Illustrated notes

Levels and vault maps discovered:
D:1:      spicycebolla_arrival_ecumenical, layout_loops_ring
D:2:      layout_basic, nicolae_titane, uniq_robin
D:3:      layout_basic
D:4:      layout_cave_pools, nicolae_qazlal_general_emergency,
          nicolae_overflow_hidden_temple, uniq_ijyb, uniq_eustachio

Skill      XL: |  1  2  3  4  5 |
---------------+----------------+-----
Axes           | 3 4 5 6 |  6.3
Fighting       | 4 5 |  5.4
Armour         | |  3.6
Shields        | |  3.6

Action                   |  1- 3 |  4- 6 || total
-------------------------+-------+-------++-------
Melee: War axe           |    74 |    60 ||   134
       Headbutt          |    12 |     8 ||    20
  Use: Potion            |       |     1 ||     1
Armor: Scale mail        |    37 |    13 ||    50
       Chain mail        |       |     6 ||     6
Dodge: Dodged            |    30 |    18 ||    48
Block: Buckler           |    20 |     7 ||    27
